[Event "Team 45 45 League T44"]
[Site "Internet Chess Club"]
[Date "2010.02.06"]
[Round "1"]
[White "Magagna"]
[Black "Invicta-Knight"]
[Result "0-1"]
[WhiteElo "1823"]
[BlackElo "1503"]
[Opening "Benkö gambit accepted"]
[ECO "A58"]
[Time "14:01:33"]
[TimeControl "2700+45"]

1. d4 Nf6 2. c4 c5 3. d5 b5 4. cxb5 a6 5. bxa6 Bxa6 6. Nc3 d6 7. g3 g6 8. Bg2
Bg7 9. Nf3 O-O 10. O-O Nbd7 11. Qc2 Qb6 12. Rb1 Rfb8 13. Re1 Ng4 14. h3 Nge5 15.
b3 Qb4 16. Bd2 Ra7 17. Ne4 Qa3 18. Bc1 Qb4 19. Nfd2 Nf6 20. Nxf6+ Bxf6 21. Ne4
Qxe1+ 22. Bf1 Nf3+ 23. Kg2 Nd4 24. Qb2 Bxe2 25. Be3 Bf3+ 26. Kh2 Bxe4 {White
resigns} 0-1

[Event "Team 45 45 League T44"]
[Site "Internet Chess Club"]
[Date "2010.02.08"]
[Round "1"]
[White "dscvdchk"]
[Black "mongmong"]
[Result "1/2-1/2"]
[WhiteElo "1596"]
[BlackElo "1643"]
[Opening "Bogo-Indian defense"]
[ECO "E11"]
[Time "20:06:07"]
[TimeControl "2700+45"]

1. d4 e6 2. c4 Nf6 3. Nf3 Bb4+ 4. Bd2 a5 5. g3 d6 6. Bg2 Nbd7 7. O-O e5 8. Nc3
exd4 9. Nxd4 O-O 10. a3 Bxc3 11. Bxc3 Re8 12. Qc2 Nc5 13. f3 Ne6 14. Rad1 Nxd4
15. Bxd4 b6 16. f4 Rb8 17. Rfe1 Bb7 18. e4 c5 19. e5 cxd4 20. Bxb7 Rxb7 21. exf6
Rxe1+ 22. Rxe1 gxf6 23. Qe4 Qc7 24. Qxd4 Qc5 25. Qxc5 dxc5 26. Re8+ Kg7 27. a4
Rd7 28. Re3 Rd1+ 29. Kf2 Rd2+ 30. Re2 Rxe2+ 31. Kxe2 f5 32. Kf3 h5 33. h4 f6
{Game drawn by mutual agreement} 1/2-1/2

[Event "Team 45 45 League T44"]
[Site "Internet Chess Club"]
[Date "2010.02.06"]
[Round "1"]
[White "firesign"]
[Black "stputte"]
[Result "1-0"]
[WhiteElo "1312"]
[BlackElo "1435"]
[Opening "Alekhine's defense: modern, Larsen variation"]
[ECO "B04"]
[Time "09:00:18"]
[TimeControl "2700+45"]

1. e4 Nf6 2. e5 Nd5 3. d4 d6 4. Nf3 dxe5 5. Nxe5 c6 6. Bc4 Nd7 7. O-O Nxe5 8.
dxe5 g6 9. Re1 Bg7 10. Nd2 O-O 11. Nf3 Bg4 12. h3 Bxf3 13. Qxf3 e6 14. c3 Qc7
15. Qg3 Nb6 16. Bb3 a5 17. Bf4 a4 18. Bc2 Rfd8 19. Re4 Ra5 20. Rae1 Rdd5 21. c4
Rdc5 22. b4 axb3 23. axb3 Ra3 24. Qh4 Rca5 25. Bg5 Ra1 26. Bd8 Rxe1+ 27. Rxe1
Qxe5 28. Rxe5 Bxe5 29. g3 Ra1+ 30. Kg2 Nd7 31. Bg5 Bg7 32. Be3 Ra2 33. Qd8+ Nf8
34. Qd3 Rb2 35. Bc5 Ra2 36. Bd1 Ra1 37. Bd4 Bxd4 38. Qxd4 Ra8 39. Qb6 Rb8 40.
Qc7 Ra8 41. Qxb7 Ra1 42. Bf3 Rb1 43. Bxc6 Rb2 44. Be8 {Black resigns} 1-0

[Event "Team 45 45 League T44"]
[Site "Internet Chess Club"]
[Date "2010.02.05"]
[Round "1"]
[White "cknights"]
[Black "Rookmaster"]
[Result "1-0"]
[WhiteElo "1829"]
[BlackElo "1747"]
[Opening "QGD: Chigorin defense, Janowski variation"]
[ECO "D07"]
[Time "21:18:23"]
[TimeControl "2700+45"]

1. d4 d5 2. c4 Nc6 3. Nc3 dxc4 4. Nf3 Bg4 5. e3 Nf6 6. Bxc4 e6 7. O-O Bb4 8. h3
Bh5 9. Qe2 O-O 10. Rd1 Bxc3 11. bxc3 Ne4 12. Bb2 Na5 13. Bd3 Ng5 14. Kh2 Nxf3+
15. gxf3 Qd6+ 16. Kh1 Rfd8 17. c4 e5 18. dxe5 Qe6 19. Kh2 Nc6 20. Qc2 Nxe5 21.
Bxh7+ Kh8 22. Bf5 Nxf3+ 23. Kh1 Bg6 24. Qc3 Rxd1+ 25. Rxd1 Qf6 26. Qxf6 gxf6 27.
Bxg6 fxg6 28. Bxf6+ Kh7 29. Rd7+ Kh6 30. Rxc7 g5 31. Rxb7 Kg6 32. Bd4 a5 33. c5
Kf5 34. c6 g4 35. hxg4+ Kxg4 36. c7 Nxd4 37. exd4 Kf3 38. Rb8 Ra6 39. c8=Q Rh6+
40. Kg1 Rg6+ 41. Kf1 Rf6 42. Qh3+ Ke4 43. Re8+ Kxd4 44. Qd7+ Kc5 45. Rc8+ Kb4
46. Qb7+ Ka4 47. Qb3# {Black checkmated} 1-0

[Event "Team 45 45 League T44"]
[Site "Internet Chess Club"]
[Date "2010.02.06"]
[Round "1"]
[White "Timotheous"]
[Black "achessfool"]
[Result "1/2-1/2"]
[WhiteElo "1629"]
[BlackElo "1562"]
[Opening "English opening"]
[ECO "A05"]
[Time "18:00:09"]
[TimeControl "2700+45"]

1. Nf3 Nf6 2. c4 e6 3. g3 Be7 4. Bg2 O-O 5. O-O d5 6. b3 Nc6 7. Bb2 d4 8. d3 e5
9. Re1 Be6 10. a3 a5 11. Nbd2 Qd7 12. Ng5 Bf5 13. Nde4 h6 14. Nxf6+ Bxf6 15. Ne4
Be7 16. Qd2 Bh3 17. Qc2 Bxg2 18. Kxg2 f5 19. Nd2 f4 20. Nf3 fxg3 21. hxg3 Qg4
22. Rh1 Rf5 23. Rh3 Raf8 24. Rah1 h5 25. Rf1 g5 26. Rfh1 h4 27. Bc1 R8f7 28. Qd1
Nd8 29. Bd2 b6 30. b4 Ne6 31. bxa5 bxa5 32. a4 Nc5 33. Bxa5 Nxa4 34. Bd2 Nb2 35.
Qa1 Nxd3 36. Qa8+ Kg7 37. exd3 e4 38. Qxe4 Qxf3+ 39. Qxf3 Rxf3 40. Rf1 g4 41.
Rhh1 hxg3 42. fxg3 Rxd3 43. Rxf7+ Kxf7 44. Rh7+ Ke6 45. Bf4 Bd6 46. Rh6+ Kd7 47.
Rh7+ Kc6 48. Rh6 Rc3 49. Rg6 d3 50. Rxg4 Rc2+ 51. Kf1 Rxc4 52. Ke1 Kb5 53. Kd2
Rd4 54. Rh4 c5 55. Bxd6 Rxd6 56. Rh5 Kb4 57. Rh4+ c4 58. Re4 Kb3 59. Re3 c3+ 60.
Kd1 c2+ 61. Kc1 Ka2 62. Kd2 Kb2 63. Re1 Re6 64. Rg1 Re2+ 65. Kxd3 Rh2 66. Ke4
c1=Q 67. Rxc1 Kxc1 68. g4 Rh6 69. Kf5 Ra6 70. g5 Kd2 71. g6 Ke3 72. g7 Ra8 73.
Kg6 Ke4 74. Kh7 Kf5 75. g8=Q Rxg8 76. Kxg8 {Game drawn because neither player
has mating material} 1/2-1/2

[Event "Team 45 45 League T44"]
[Site "Internet Chess Club"]
[Date "2010.02.09"]
[Round "1"]
[White "BishopMike"]
[Black "John3v16"]
[Result "0-1"]
[WhiteElo "1506"]
[BlackElo "1630"]
[Opening "Sicilian: Labourdonnais-Löwenthal variation"]
[ECO "B32"]
[Time "14:00:08"]
[TimeControl "2700+45"]

1. e4 c5 2. Nf3 Nc6 3. d4 cxd4 4. Nxd4 e5 5. Nb3 Nf6 6. Nc3 Bb4 7. Bg5 d6 8. a3
Bxc3+ 9. bxc3 h6 10. Bh4 g5 11. Bg3 Nxe4 12. Qf3 Nxg3 13. hxg3 Be6 14. Rd1 g4
15. Qe3 h5 16. Bb5 a6 17. Bxc6+ bxc6 18. O-O h4 19. Nc5 Bd5 20. Ne4 h3 21. f3
hxg2 22. Kxg2 gxf3+ 23. Qxf3 Bxe4 24. Qxe4 Qd7 25. Rf5 O-O-O 26. Qd3 Qb7 27. Qf3
Rh7 28. Kg1 Qb6+ 29. Kg2 Rdh8 30. Rh5 Rxh5 31. Qg4+ f5 32. Qg6 Rh2+ 33. Kf3 Qf2#
{White checkmated} 0-1

[Event "Team 45 45 League T44"]
[Site "Internet Chess Club"]
[Date "2010.02.10"]
[Round "1"]
[White "orrgroup"]
[Black "TheronUAL"]
[Result "1/2-1/2"]
[WhiteElo "1483"]
[BlackElo "1553"]
[Opening "Caro-Kann defense"]
[ECO "B12"]
[Time "15:20:23"]
[TimeControl "2700+45"]

1. e4 c6 2. d4 d5 3. Bd3 dxe4 4. Bxe4 Nf6 5. Nc3 Bg4 6. f3 Nxe4 7. Nxe4 Bf5 8.
Ng3 e6 9. Nxf5 Qa5+ 10. Bd2 Qxf5 11. Ne2 Bd6 12. O-O Qh5 13. f4 Nd7 14. c4 Nf6
15. Ng3 Qh4 16. Qf3 Ng4 17. h3 h5 18. hxg4 hxg4 19. Qd3 O-O-O 20. Kf2 Bc5 21.
Bc3 Qf6 22. Ne2 e5 23. Rh1 Bxd4+ 24. Bxd4 exd4 25. Rxh8 Rxh8 26. Qxd4 Qh4+ 27.
g3 Qh2+ 28. Kf1 Qh1+ 29. Qg1 Qe4 30. Qf2 Qxc4 31. Ke1 Rh1+ 32. Ng1 Qe4+ 33. Kd2
Qb4+ 34. Kc2 Qc4+ 35. Kd2 Qd5+ 36. Kc3 Qa5+ 37. Kc2 Qa4+ 38. b3 Qe4+ 39. Kb2 Qh7
40. Ka3 Qf5 41. Qxa7 Kc7 42. Rd1 Rh2 43. Rd4 Rc2 44. Rb4 Rxa2+ 45. Kxa2 Qc2+ 46.
Ka3 Qc1+ 47. Ka2 Qc2+ 48. Ka3 Qc1+ 49. Ka2 Qc2+ 50. Ka3 Qc1+ 51. Ka2 {Game drawn
by repetition} 1/2-1/2

[Event "Team 45 45 League T44"]
[Site "Internet Chess Club"]
[Date "2010.02.05"]
[Round "1"]
[White "gerailen0075"]
[Black "andrew28"]
[Result "1/2-1/2"]
[WhiteElo "1708"]
[BlackElo "1714"]
[Opening "Sicilian defense"]
[ECO "B20"]
[Time "16:00:13"]
[TimeControl "2700+45"]

1. e4 c5 2. c4 g6 3. d4 cxd4 4. Qxd4 Nf6 5. e5 Nc6 6. Qc3 Ne4 7. Qe3 Qa5+ 8. Nc3
Nxc3 9. Bd2 Qxe5 10. Qxe5 Nxe5 11. Bxc3 f6 12. h4 d6 13. f4 Ng4 14. h5 Bg7 15.
hxg6 hxg6 16. Rxh8+ Bxh8 17. Bd3 Kf7 18. Nf3 Bd7 19. Ke2 e5 20. Rh1 Bg7 21. Nh4
f5 22. Nf3 e4 23. Ng5+ Kg8 24. Bxe4 Bxc3 25. Bd5+ Kf8 26. bxc3 Re8+ 27. Kd2 Ke7
28. Bf7 Rc8 29. Bxg6 Rxc4 30. Rh7+ Kd8 31. Rxd7+ Kxd7 32. Bxf5+ Ke7 33. Bxg4
Rxf4 34. Bf3 Ra4 35. Bxb7 Rxa2+ 36. Kd3 Rb2 37. Bf3 a5 38. c4 Kf6 39. Ne4+ Ke5
40. Nc3 Rb4 41. Nb5 a4 42. Bd5 Rb3+ 43. Kc2 Rb4 44. Na7 Kf4 45. Nc6 Rb6 46. Nd4
Rb8 47. Nb5 Ke5 48. Kb2 Rb6 49. Ka3 Ra6 50. Nc3 Kd4 51. Nxa4 Kd3 52. Kb4 Ra7 53.
Kb5 Kd4 54. Nb6 Rc7 55. Na8 Rc5+ 56. Kb4 Rc8 57. Nb6 Rc7 58. Kb5 Rc5+ 59. Ka6
Rc7 60. Na8 Rc5 61. Kb6 Rxd5 62. cxd5 Kxd5 63. Nc7+ Ke5 64. Nb5 Kf4 65. Kc6 Kg3
66. Kxd6 Kxg2 {Game drawn because neither player has mating material} 1/2-1/2

[Event "Team 45 45 League T44"]
[Site "Internet Chess Club"]
[Date "2010.02.08"]
[Round "1"]
[White "Andressa"]
[Black "BrandonBee"]
[Result "1-0"]
[WhiteElo "1541"]
[BlackElo "1512"]
[Opening "Sicilian: closed"]
[ECO "B23"]
[Time "16:05:01"]
[TimeControl "2700+45"]

1. e4 c5 2. Nc3 e6 3. Nf3 a6 4. a3 Nc6 5. Be2 Qc7 6. O-O b5 7. d4 cxd4 8. Nxd4
Bc5 9. Be3 Qb6 10. Nxc6 Bxe3 11. Ne5 Bd4 12. Nf3 Bc5 13. b4 Be7 14. e5 Bb7 15.
Re1 Rc8 16. Qd3 Qc6 17. Rad1 g5 18. h3 h5 19. g3 g4 20. hxg4 hxg4 21. Kg2 gxf3+
22. Bxf3 Qc7 23. Ne4 Rd8 24. Nd6+ Bxd6 25. exd6 Bxf3+ 26. Kxf3 Qc6+ 27. Ke2 Nf6
28. Rc1 Qe4+ 29. Qxe4 Nxe4 30. c4 Nxd6 31. c5 Nb7 32. f4 Rh2+ 33. Kf3 Ra2 34.
Rc3 Rc8 35. f5 Nd8 36. g4 Nc6 37. f6 Rh2 38. Kg3 Rh6 39. g5 Rg6 40. Kg4 Kd8 41.
Rh3 Kc7 42. Rh7 Rf8 43. Kf4 Nd4 44. Reh1 Nc2 45. R1h6 Nxa3 46. Rg7 Rxg7 47. fxg7
Rg8 48. Rh7 Nc2 49. Ke5 Nxb4 50. Kf6 Nd5+ 51. Kxf7 b4 52. Kxg8 b3 53. Rh1 a5 54.
Kf7 a4 55. g8=Q a3 56. Qa8 a2 57. Qa3 {Black resigns} 1-0

[Event "Team 45 45 League T44"]
[Site "Internet Chess Club"]
[Date "2010.02.09"]
[Round "1"]
[White "Helaman"]
[Black "KnightofMercy"]
[Result "0-1"]
[WhiteElo "1448"]
[BlackElo "1623"]
[Opening "Scandinavian: Marshall variation"]
[ECO "B01"]
[Time "19:03:25"]
[TimeControl "2700+45"]

1. e4 d5 2. exd5 Nf6 3. d4 Nxd5 4. Nf3 Bg4 5. Be2 e6 6. c4 Nb6 7. Nc3 Nc6 8. d5
exd5 9. cxd5 Nb4 10. Bb5+ c6 11. Qe2+ Qe7 12. Qxe7+ Bxe7 13. dxc6 bxc6 14. Bxc6+
Nxc6 15. Be3 O-O 16. Nd2 Nb4 17. O-O Nc2 18. Rac1 Nxe3 19. fxe3 Bc5 20. Nd1 Bxd1
21. Rxc5 Bg4 22. Rf4 Be6 23. Kf2 Rac8 24. Ra5 Rc2 25. Rd4 Rxd2+ 26. Rxd2 Nc4
{White resigns} 0-1

[Event "Team 45 45 League T44"]
[Site "Internet Chess Club"]
[Date "2010.02.09"]
[Round "1"]
[White "arriero55"]
[Black "blizzard13"]
[Result "1/2-1/2"]
[WhiteElo "1458"]
[BlackElo "1467"]
[Opening "Sicilian: dragon variation"]
[ECO "B70"]
[Time "04:00:44"]
[TimeControl "2700+45"]

1. e4 c5 2. Nf3 d6 3. d4 cxd4 4. Nxd4 Nf6 5. Nc3 g6 6. h3 Bg7 7. Be3 Nc6 8. Qd2
Bd7 9. f4 e5 10. Ndb5 exf4 11. Nxd6+ Kf8 12. Bxf4 Nh5 13. Bh2 Bxc3 14. Qxc3 Qa5
15. Qxa5 Nxa5 16. Bd3 Be6 17. Be5 f6 18. O-O Ke7 19. Bh2 Rhf8 20. b3 b6 21. Nb5
Rfd8 22. Rad1 Rd7 23. Be2 Ng7 24. Rxd7+ Bxd7 25. Nc3 f5 26. Nd5+ Kf7 27. Bh5
gxh5 28. g4 hxg4 29. hxg4 Rg8 30. Be5 Ke6 31. Bc3 fxe4 32. Nf6 Rf8 33. Nxd7
Rxf1+ 34. Kxf1 Ne8 35. Ne5 Nd6 36. g5 Kf5 37. g6 hxg6 38. Kf2 g5 39. Ke3 Nab7
40. b4 Nd8 41. a4 g4 42. b5 N8b7 43. Nc6 g3 44. Nxa7 Nc4+ 45. Ke2 Kg4 46. Bd4
Kh3 47. Nc6 Kh2 48. Ne5 Nxe5 49. Bxe5 Nc5 50. Bd4 Nxa4 51. Ke3 g2 52. Kxe4 Nc3+
53. Kd3 Nxb5 54. Bxb6 Nd6 55. c4 Nf5 56. Bf2 Nh4 57. c5 Nf5 58. Ke4 Ne7 59. Ke5
g1=Q 60. Bxg1+ Kxg1 61. Kd6 Nf5+ 62. Kd7 Nd4 63. c6 Nxc6 {Game drawn because
neither player has mating material} 1/2-1/2

[Event "Team 45 45 League T44"]
[Site "Internet Chess Club"]
[Date "2010.02.09"]
[Round "1"]
[White "kidviper"]
[Black "AndersO"]
[Result "1/2-1/2"]
[WhiteElo "1906"]
[BlackElo "1430"]
[Opening "French: Tarrasch, open variation"]
[ECO "C07"]
[Time "16:01:26"]
[TimeControl "2700+45"]

1. e4 e6 2. d4 d5 3. Nd2 c5 4. c3 Nc6 5. Bb5 Bd7 6. Ne2 cxd4 7. Nxd4 Nxd4 8.
Bxd7+ Qxd7 9. cxd4 Ne7 10. e5 Nf5 11. Nf3 Bb4+ 12. Bd2 Bxd2+ 13. Qxd2 O-O 14.
O-O Rac8 15. g4 Ne7 16. h3 Rc7 17. Rac1 Rfc8 18. Rxc7 Rxc7 19. Rc1 Rxc1+ 20.
Qxc1 Qc6 21. Qg5 Kf8 22. h4 Qc2 23. h5 h6 24. Qd2 Qxd2 25. Nxd2 Nc6 26. Nf3 Nb4
27. Ne1 Nxa2 28. Nd3 Ke7 29. Kf1 a5 30. Ke2 b5 31. Kd2 a4 32. f4 f6 33. f5 fxe5
34. dxe5 exf5 35. gxf5 b4 36. Kc2 b3+ 37. Kd2 d4 38. Nc5 Nb4 39. Nxa4 Nc6 40.
Nc5 Nxe5 41. Nxb3 d3 42. Nc5 Kf6 43. Nxd3 Nc6 44. b4 Nxb4 45. Nxb4 Kxf5 46. Ke3
Kg5 47. Kf3 Kxh5 48. Kg3 Kg5 49. Nd5 Kf5 50. Ne3+ Kg5 51. Ng4 h5 52. Ne5 Kf5 53.
Nf3 g6 54. Nh4+ Kg5 55. Nf3+ Kf5 56. Nh4+ Kg5 57. Nf3+ Kf5 58. Nh4+ {Game drawn
by repetition} 1/2-1/2

[Event "Team 45 45 League T44"]
[Site "Internet Chess Club"]
[Date "2010.02.07"]
[Round "1"]
[White "Kingangyal"]
[Black "kidcobra"]
[Result "0-1"]
[WhiteElo "1447"]
[BlackElo "1691"]
[Opening "Queen's pawn, Mason variation"]
[ECO "D00"]
[Time "15:00:53"]
[TimeControl "2700+45"]

1. d4 d5 2. Bf4 Nc6 3. e3 Nf6 4. Nf3 Bf5 5. c4 e6 6. Nc3 Be7 7. Rc1 O-O 8. h3
Re8 9. cxd5 exd5 10. Be2 Bb4 11. O-O a6 12. Na4 Ne4 13. Qb3 Rb8 14. Qd1 h6 15.
a3 Bd6 16. Bxd6 Qxd6 17. Bd3 b5 18. Nc5 Nxc5 19. Rxc5 Be4 20. Qe2 f5 21. Rfc1
Rb6 22. Bxe4 dxe4 23. d5 exf3 24. Qxf3 Ne7 25. Rxc7 Nxd5 26. R7c5 Ne7 27. Rc7
Rbb8 28. R7c2 Rbc8 29. Rd1 Qb8 30. Rcd2 Rcd8 31. Qf4 Rxd2 32. Rxd2 Qxf4 33. exf4
Kf7 34. Re2 Nd5 35. Rxe8 Kxe8 36. g3 Ke7 37. Kg2 Kd6 38. Kf3 h5 39. Ke2 Kc5 40.
f3 Kc4 41. g4 Nxf4+ 42. Ke3 Nxh3 43. gxh5 Kb3 44. f4 Kxb2 45. Kf3 Kxa3 46. Kg3
b4 47. Kxh3 b3 {White resigns} 0-1

[Event "Team 45 45 League T44"]
[Site "Internet Chess Club"]
[Date "2010.02.09"]
[Round "1"]
[White "Skyler"]
[Black "kingsrook"]
[Result "0-1"]
[WhiteElo "1378"]
[BlackElo "1356"]
[Opening "Caro-Kann: Panov-Botvinnik attack, 5...e6"]
[ECO "B14"]
[Time "18:59:36"]
[TimeControl "2700+45"]

1. e4 c6 2. d4 d5 3. exd5 cxd5 4. c4 Nf6 5. Nc3 e6 6. Nf3 Nc6 7. Bg5 Be7 8. cxd5
exd5 9. Bd3 O-O 10. O-O Re8 11. Ne5 Nxd4 12. Bxf6 Bxf6 13. Bxh7+ Kf8 14. Qxd4
Bxe5 15. Qd2 Qh4 16. g3 Qxh7 17. Qxd5 Qg6 18. Rfe1 Qd6 19. Qe4 Qg6 20. Qe3 Bh3
21. Rac1 Qc6 22. Ne4 Qg6 23. Qa3+ Kg8 24. Qb4 Qb6 25. Qd2 Rad8 26. Qc2 Bf5 27.
b3 Bd4 28. Re2 Qc6 29. Qxc6 bxc6 30. Rce1 Kf8 31. Ng5 Rxe2 32. Rxe2 Bf6 33. Nf3
Bg4 34. Kg2 Re8 35. Rc2 Re6 36. Nd2 Bf5 37. Rc5 Re2 38. Rxf5 Rxd2 39. Rc5 Rxa2
40. Rxc6 Rb2 41. Rc8+ Ke7 42. Rc7+ Kf8 43. Rc8+ Ke7 44. Rc7+ Ke6 45. Rxa7 Rxb3
46. Ra6+ Ke7 47. Ra7+ Ke8 48. Ra8+ Bd8 49. Ra4 Rb6 50. Rh4 Bxh4 51. gxh4 Rg6+
52. Kh3 Ke7 53. f4 f5 54. h5 Rh6 55. Kh4 Kf6 56. h3 Rh7 57. Kg3 Rxh5 58. h4 Ke6
59. Kh3 Kd5 60. Kg3 Ke4 61. Kh3 Kf3 62. Kh2 Rxh4+ 63. Kg1 Rxf4 64. Kf1 g5 65.
Kg1 Re4 66. Kf1 g4 67. Kg1 Kg3 68. Kf1 f4 69. Kg1 Re1# {White checkmated} 0-1

[Event "Team 45 45 League T44"]
[Site "Internet Chess Club"]
[Date "2010.02.07"]
[Round "1"]
[White "chiiwen"]
[Black "TerryMalloy"]
[Result "1/2-1/2"]
[WhiteElo "2162"]
[BlackElo "2048"]
[Opening "Petrov: classical attack, Jaenisch variation"]
[ECO "C42"]
[Time "13:48:30"]
[TimeControl "2700+45"]

1. e4 e5 2. Nf3 Nf6 3. Nxe5 d6 4. Nf3 Nxe4 5. d4 d5 6. Bd3 Nc6 7. O-O Be7 8. c4
Nb4 9. Be2 O-O 10. Nc3 Bf5 11. a3 Nxc3 12. bxc3 Nc6 13. cxd5 Qxd5 14. Bf4 Rac8
15. Nd2 Na5 16. Re1 Rfe8 17. Bf3 Qd7 18. h3 Bd6 19. Bxd6 Rxe1+ 20. Qxe1 cxd6 21.
Bd5 Be6 22. Bxe6 Qxe6 23. Qxe6 fxe6 24. Re1 Kf7 25. Ne4 Nc4 26. a4 h6 27. Rb1 b6
28. f4 d5 29. Nf2 Nd2 30. Rb2 Nc4 31. Rb1 Nd2 32. Rb2 Nc4 33. Rb1 {Game drawn by
repetition} 1/2-1/2

[Event "Team 45 45 League T44"]
[Site "Internet Chess Club"]
[Date "2010.02.06"]
[Round "1"]
[White "Folgers"]
[Black "deeppurple"]
[Result "0-1"]
[WhiteElo "1954"]
[BlackElo "2048"]
[Opening "Trompowsky attack (Ruth, Opocenský opening)"]
[ECO "A45"]
[Time "08:00:13"]
[TimeControl "2700+45"]

1. d4 Nf6 2. Bg5 e6 3. e4 h6 4. Bxf6 Qxf6 5. Nc3 c5 6. e5 Qd8 7. d5 exd5 8. Qxd5
Nc6 9. Bc4 Qe7 10. O-O-O a6 11. f4 b5 12. Be2 Bb7 13. Bg4 O-O-O 14. Ne4 Nd4 15.
Nd6+ Qxd6 16. Qxb7+ Kxb7 17. exd6 Bxd6 18. g3 h5 19. Bh3 Kc7 20. c3 Nc6 21. Nf3
Rde8 22. Rd5 Rh6 23. Rhd1 Ne7 24. R5d3 c4 25. Re3 h4 26. Ne5 hxg3 27. Rxg3 f6
28. Rxd6 Kxd6 29. Nf7+ Kc6 30. Nxh6 gxh6 31. Rg7 Kd6 32. Rh7 Rg8 33. Rxh6 Rg7
34. Rxf6+ Kc5 35. a3 d6 36. Rh6 Rg1+ 37. Kc2 Rh1 38. Be6 Rf1 39. f5 Rf2+ 40. Kb1
Rf1+ 41. Ka2 Nc6 42. b4+ cxb3+ 43. Kxb3 Rf2 44. a4 Na5+ 45. Ka3 d5 46. Bxd5 Kxd5
47. axb5 Nc4+ 48. Kb3 Rb2+ 49. Ka4 axb5# {White checkmated} 0-1

[Event "Team 45 45 League T44"]
[Site "Internet Chess Club"]
[Date "2010.02.06"]
[Round "1"]
[White "martineden"]
[Black "Boromir"]
[Result "0-1"]
[WhiteElo "1920"]
[BlackElo "1996"]
[Opening "Benkö gambit"]
[ECO "A57"]
[Time "10:22:23"]
[TimeControl "2700+45"]

1. d4 Nf6 2. c4 c5 3. d5 b5 4. Nf3 g6 5. cxb5 a6 6. Nc3 axb5 7. d6 Qa5 8. e3
exd6 9. Bxb5 Be7 10. O-O O-O 11. Bd2 Qb6 12. Bc4 Bb7 13. Bc1 Nc6 14. b3 Ne5 15.
Be2 Qc6 16. Bb2 g5 17. Ne1 g4 18. f3 h5 19. a4 gxf3 20. gxf3 Kh7 21. Qc2+ Ng6
22. Qf5 d5 23. Rd1 Qe6 24. Qd3 Rg8 25. Ng2 c4 26. bxc4 dxc4 27. Qd4 Bc5 28. Qxc5
Nh4 29. Rf2 Qh3 30. Bf1 Nxf3+ 31. Rxf3 Bxf3 32. Rd2 Rg6 33. e4 Rag8 34. Qf2
Rxg2+ 35. Bxg2 Rxg2+ 36. Qxg2 Bxg2 37. Rxg2 Qe3+ 38. Kf1 Nxe4 39. Nxe4 Qxe4 40.
Bg7 Qd3+ 41. Kg1 c3 {White resigns} 0-1

[Event "Team 45 45 League T44"]
[Site "Internet Chess Club"]
[Date "2010.02.07"]
[Round "1"]
[White "Cryptochess"]
[Black "chess9793"]
[Result "0-1"]
[WhiteElo "1994"]
[BlackElo "1978"]
[Opening "Sicilian: closed"]
[ECO "B23"]
[Time "19:59:28"]
[TimeControl "2700+45"]

1. e4 c5 2. Nc3 g6 3. f4 Bg7 4. Nf3 Nc6 5. Bb5 Nd4 6. O-O Nxb5 7. Nxb5 d5 8.
exd5 a6 9. Nc3 Nf6 10. d4 c4 11. Qe2 b5 12. Re1 Bb7 13. f5 Nxd5 14. fxg6 hxg6
15. Bg5 Nf6 16. Rad1 Bxf3 17. gxf3 Ra7 18. Kh1 Rd7 19. d5 Kf8 20. Rd2 Rh5 21. f4
Nh7 22. d6 Qa8+ 23. Qg2 Qxg2+ 24. Kxg2 exd6 25. Ne4 Nxg5 26. Nxg5 Bxb2 27. Rde2
Bf6 28. Re8+ Kg7 29. Ne4 Rf5 30. Kg3 Bd8 31. Nf2 d5 32. Ng4 Bc7 33. Ra8 Bxf4+
34. Kg2 d4 35. Ree8 f6 36. Rg8+ Kf7 37. Rgf8+ Ke7 38. Rfe8+ Kd6 39. Rxa6+ Kc5
40. Nxf6 Rxf6 41. Rxf6 g5 42. a3 d3 43. cxd3 cxd3 44. Re1 d2 45. Rd1 Kc4 46.
Rc6+ Kb3 47. Rb6 Rd5 48. Rc6 Kxa3 49. Kf2 Bxh2 50. Ke2 Bf4 51. Rh1 Re5+ 52. Kd1
b4 53. Kc2 b3+ 54. Kc3 Re3+ 55. Kc4 Kb2 56. Rb6 Re4+ 57. Kd3 Re3+ 58. Kc4 Rc3+
59. Kb4 Rc1 60. Rbh6 Re1 61. R6h2 Bxh2 62. Rxh2 Re4+ 63. Kc5 Kc1 {White resigns}
0-1

[Event "Team 45 45 League T44"]
[Site "Internet Chess Club"]
[Date "2010.02.06"]
[Round "1"]
[White "nosalt"]
[Black "vasek"]
[Result "1-0"]
[WhiteElo "2067"]
[BlackElo "1880"]
[Opening "Ruy Lopez: Worrall attack, sharp line"]
[ECO "C86"]
[Time "13:00:16"]
[TimeControl "2700+45"]

1. e4 e5 2. Nf3 Nc6 3. Bb5 a6 4. Ba4 Nf6 5. O-O Be7 6. Qe2 b5 7. Bb3 O-O 8. c3
d6 9. Rd1 Na5 10. Bc2 c5 11. d4 Qc7 12. a4 Rb8 13. dxe5 dxe5 14. axb5 axb5 15.
Nxe5 Qxe5 16. Rxa5 Qc7 17. Ra1 Be6 18. b3 Rfd8 19. Rxd8+ Rxd8 20. h3 c4 21. b4
Nd7 22. Be3 Bf6 23. f4 Nb8 24. e5 Be7 25. Ra7 Qc8 26. Rxe7 Nc6 27. Rxe6 Qxe6 28.
Nd2 Re8 29. Ne4 h6 30. Nd6 Rb8 31. Bf5 Qe7 32. Bc5 Qc7 33. e6 f6 34. Qe4 {Black
resigns} 1-0

[Event "Team 45 45 League T44"]
[Site "Internet Chess Club"]
[Date "2010.02.09"]
[Round "1"]
[White "avila"]
[Black "ivanson"]
[Result "0-1"]
[WhiteElo "1707"]
[BlackElo "1853"]
[Opening "Ruy Lopez: closed"]
[ECO "C90"]
[Time "20:07:18"]
[TimeControl "2700+45"]

1. e4 e5 2. Nf3 Nc6 3. Bb5 a6 4. Ba4 Nf6 5. O-O Be7 6. Re1 b5 7. Bb3 d6 8. h3
Na5 9. c3 Nxb3 10. Qxb3 c5 11. d3 O-O 12. Be3 Qc7 13. Nbd2 Be6 14. Qd1 Rad8 15.
Rc1 Qb7 16. Ng5 Bc8 17. f4 g6 18. Rf1 Nh5 19. f5 Bxg5 20. Bxg5 f6 21. Bh6 Rf7
22. g4 Ng7 23. Qe1 Qe7 24. Qg3 Kh8 25. g5 gxf5 26. gxf6 Qxf6 27. Bg5 Qg6 28. Kh2
Rg8 29. Bh4 f4 30. Qxg6 hxg6 31. Nf3 Ne6 32. Rg1 Kg7 33. Rg2 Kf8 34. Rcg1 Rfg7
35. Bf6 Rh7 36. h4 Kf7 37. Ng5+ Nxg5 38. Bxg5 Rgh8 39. Rh1 Be6 40. b3 d5 41. Rd2
Rc8 42. Re1 d4 43. Rc1 Rhh8 44. Rdc2 c4 45. bxc4 bxc4 46. dxc4 d3 47. Rb2 Rb8
48. Rb4 Rhc8 49. Kg2 Bxc4 50. Kf2 Bxa2 51. Rxb8 Rxb8 52. Rd1 Rb2+ 53. Ke1 Re2+
54. Kf1 Bc4 55. Bd8 Rxe4 56. Bb6 Re2 57. Bf2 Ke6 58. Rb1 d2 59. Kg2 Kf5 60. Rd1
e4 61. h5 gxh5 62. Kg1 Kg4 63. Rf1 e3 64. Kh1 Rxf2 65. Rg1+ Kh3 66. Rb1 e2 67.
Kg1 e1=Q+ {White resigns} 0-1

[Event "Team 45 45 League T44"]
[Site "Internet Chess Club"]
[Date "2010.02.07"]
[Round "1"]
[White "Budzo"]
[Black "soccerisfun"]
[Result "0-1"]
[WhiteElo "1796"]
[BlackElo "1559"]
[Opening "Queen's pawn game, Chigorin variation"]
[ECO "A04"]
[Time "13:01:04"]
[TimeControl "2700+45"]

1. Nf3 Nc6 2. d4 d5 3. c4 Bf5 4. Nc3 e6 5. e3 Nf6 6. Qb3 Nb4 7. cxd5 Nc2+ 8. Kd1
Nxa1 9. Qxb7 Nxd5 10. Bb5+ Ke7 11. Nxd5+ exd5 12. Ne5 Kf6 13. g4 Be6 14. g5+
Kxg5 15. e4+ Kf6 16. Nc6 Bg4+ 17. Kd2 Qc8 18. e5+ Ke6 19. Qxc8+ Rxc8 20. Bd3 Be7
21. b3 Bg5+ 22. Kc3 Bf3 23. Rg1 Bxc1 24. Rxc1 Nxb3 25. Kxb3 Be4 26. Be2 Rhf8 27.
Bg4+ Bf5 28. Bxf5+ Kxf5 29. Ne7+ Kf4 30. Nxc8 Rxc8 31. Kb4 Ke4 32. Kc5 c6 33.
Rb1 Rc7 34. Rb3 h5 35. Ra3 h4 36. Re3+ Kf4 37. h3 g5 38. Rb3 g4 39. Rc3 gxh3 40.
Rxh3 Kg4 41. Rh2 h3 42. a4 Kh4 43. Kd6 Rc8 44. Kd7 Rg8 45. Kxc6 Rg2 {White
resigns} 0-1

[Event "Team 45 45 League T44"]
[Site "Internet Chess Club"]
[Date "2010.02.07"]
[Round "1"]
[White "Kallistos"]
[Black "Sprawl"]
[Result "1-0"]
[WhiteElo "1662"]
[BlackElo "2115"]
[Opening "Ruy Lopez: exchange variation, 5.O-O"]
[ECO "C68"]
[Time "15:01:22"]
[TimeControl "2700+45"]

1. e4 e5 2. Nf3 Nc6 3. Bb5 a6 4. Bxc6 dxc6 5. O-O Bg4 6. d3 f6 7. h3 Bh5 8. Nc3
Qd7 9. Be3 O-O-O 10. Nxe5 Bxd1 11. Nxd7 Bxc2 12. Nxf8 Rxf8 13. d4 f5 14. d5 Bxe4
15. Nxe4 fxe4 16. dxc6 b6 17. Rfe1 Nf6 18. Rac1 Re8 19. Bd4 Nh5 20. Re3 Nf4 21.
Rc4 Re6 22. Bxg7 Rhe8 23. f3 exf3 24. Rxf3 Nd5 25. Rd4 Ne7 26. Ra4 a5 27. Rh4
Nxc6 28. Rxh7 R6e7 29. Rh8 Rxh8 30. Bxh8 Nb4 31. a3 Nd5 32. g4 Rh7 33. Be5 Kd7
34. g5 Ke6 35. g6 Rh5 36. g7 Rg5+ 37. Rg3 Rxg3+ 38. Bxg3 Kf7 39. Be5 b5 40. Kf2
c6 41. Kf3 Nb6 42. h4 Nc4 43. Kf4 c5 44. h5 b4 45. h6 Kg8 46. a4 Nb6 47. Kf5 Kh7
48. g8=Q+ {Black resigns} 1-0